 Dungeon Crawl Stone Soup version 0.21-a0-193-g085b6a0 (webtiles) character file.

114746 Manul the Warrior (level 16, -7/138 HPs)
             Began as a Mummy Gladiator on Aug 13, 2017.
             Was an Initiate of Gozag.
             Killed from afar by an iron dragon (48 damage)
             ... with a spray of metal splinters
             ... on level 14 of the Dungeon on Aug 14, 2017.
             The game lasted 00:50:45 (27104 turns).

Manul the Warrior (Mummy Gladiator)                Turns: 27104, Time: 00:50:45

Health: -7/138     AC: 12    Str: 29    XL:     16   Next: 17%
Magic:  8/8        EV: 20    Int: 11    God:    Gozag
Gold:   3028       SH:  0    Dex: 16    Spells: 9/16 levels left

rFire    + . .     SeeInvis +   E - +5 demon trident (vamp)
rCold    + . .     Gourm    .   (no shield)
rNeg     + + +     Faith    .   n - +1 robe of the World {Regen+ Str+4 SInv}
rPois    ∞         Spirit   .   C - +2 helmet "Vimpul" {rElec rPois rF+ Int+3}
rElec    +         Reflect  .   f - +0 cloak
rCorr    .         Harm     .   i - +1 pair of gloves
MR       ++...                  z - +0 pair of boots
Stlth    +++.......             p - amulet of regeneration
HPRegen  1.13/turn              D - ring "Nuoder" {rPois rF+ MP-9 Stlth+}
MPRegen  0.11/turn              b - +4 ring of strength

@: no status effects
A: no food or potions, fire vulnerability, cold resistance 1, negative energy
resistance 3, torment resistance, unbreathing, in touch with death 1
a: Potion Petition, Call Merchant, Bribe Branch, Renounce Religion


You were on level 14 of the Dungeon.
You worshipped Gozag.
Gozag was most pleased with you.
You were not hungry.

You visited 4 branches of the dungeon, and saw 23 of its levels.
You also visited: Ice Cave.

You collected 9369 gold pieces.
You spent 1015 gold pieces at shops.
You paid 5326 gold pieces to Gozag.

Inventory:

Hand Weapons
 E - a +5 vampiric demon trident (weapon)
 N - a +2 executioner's axe of freezing
 W - the +10 halberd of Itrede {flame, SInv Stlth+}
   (You found it on level 13 of the Dungeon)

   It has been specially enchanted to burn those struck by it, causing extra
   injury to most foes and up to half again as much damage against particularly
   susceptible opponents.
   Big, fiery blades are also staple armaments of hydra-hunters.
   It lets you see invisible.
   It makes you more stealthy.
Missiles
 s - a throwing net (quivered)
Armour
 f - a +0 cloak (worn)
 i - a +1 pair of gloves (worn)
 n - the +1 robe of the World (worn) {Regen+ Str+4 SInv}
   (You found it on level 12 of the Dungeon)

   It affects your strength (+4).
   It lets you see invisible.
   It increases your rate of regeneration.
 z - a +0 pair of boots (worn)
 C - the +2 helmet "Vimpul" (worn) {rElec rPois rF+ Int+3}
   (You found it on level 6 of the Lair of Beasts)

   It affects your intelligence (+3).
   It protects you from fire.
   It insulates you from electricity.
   It protects you from poison.
 Q - the +2 scale mail of Free Expression {rCorr}
   (You found it in an ice cave)

   It protects you from acid and corrosion.
 Z - +0 acid dragon scales
Jewellery
 b - a +4 ring of strength (right hand)
 p - an amulet of regeneration (around neck)
 D - the ring "Nuoder" (left hand) {rPois rF+ MP-9 Stlth+}
   (You acquired it on level 6 of the Lair of Beasts)

   [ring of stealth]

   It protects you from fire.
   It protects you from poison.
   It affects your magic capacity (-9).
   It makes you more stealthy.
 G - an uncursed amulet of magic regeneration {unknown}
Wands
 e - a wand of paralysis (16/24)
 g - a wand of acid (8/15)
 k - a wand of confusion (31/48)
 l - a wand of lightning (11/15)
 u - a wand of clouds (6/9)
 w - a wand of enslavement (7/24)
 y - a wand of lightning (4/15)
 P - a wand of digging (9/24)
Scrolls
 a - a scroll of brand weapon {unknown}
 c - a scroll of enchant weapon
 h - 16 scrolls of identify
 o - 3 scrolls of fog
 r - 3 scrolls of enchant armour
 t - a scroll of remove curse
 v - 3 scrolls of recharging
 x - a scroll of fear
 F - a scroll of torment
 I - 2 scrolls of amnesia
 L - 2 scrolls of magic mapping
Books
 d - the Handbook of Poison and the Frostbite
   (You found it on level 13 of the Dungeon)

   Spells                             Type                      Level
   a - Ice Form                       Ice/Transmutation            4
   b - Metabolic Englaciation         Hexes/Ice                    5
   c - Alistair's Intoxication        Transmutation/Poison         5
   d - Bolt of Cold                   Conjuration/Ice              6
Miscellaneous
 j - a box of beasts
 A - a lamp of fire


   Skills:
 + Level 16.1 Fighting
   Level 0.1 Long Blades
 - Level 7.6(11.5) Axes
   Level 3.7(6.1) Maces & Flails
 - Level 13.0(13.7) Polearms
 - Level 1.7 Throwing
 * Level 8.3 Armour
 + Level 11.2 Dodging
 - Level 0.3 Stealth
 - Level 0.5 Spellcasting
 + Level 1.7 Evocations


You had 9 spell levels left.
You knew the following spells:

 Your Spells              Type           Power        Failure   Level  Hunger
a - Blink                 Tloc           N/A          45%         2    N/A
b - Cigotuvi's Embrace    Necr           #.........   100%        5    N/A

Dungeon Overview and Level Annotations

Branches:
Dungeon (14/15)            Temple (1/1) D:5            Lair (6/6) D:8
  Swamp (0/4) Lair:4        Snake (0/4) Lair:4        Slime (0/5) Lair:5
    Orc (2/2) D:12            Elf (0/3) Orc:2        Vaults (0/5) D:13

Altars:
Ashenzari
Cheibriados
Dithmenos
Elyvilon
Fedhas
Gozag
Hepliaklqana
Kikubaaqudgha
Makhleb
Nemelex Xobeh
Okawaru
Qazlal
Ru
Sif Muna
Trog
Uskayaw
Vehumet
Wu Jian
Xom
Yredelemnul
Zin
The Shining One
Jiyva

Shops:
D:5 [   D:10 *=[(:   Orc:1 ?   Orc:2 (=}*   Lair:5 *


Innate Abilities, Weirdness & Mutations

You do not eat or drink.
Your flesh is vulnerable to fire.
You are immune to poison.
Your flesh is cold resistant. (rC+)
You are immune to negative energy. (rN+++)
You are immune to unholy pain and torment.
You can survive without breathing.
You are in touch with the powers of death.


Message History

You hit the iron dragon but do no damage.
The iron dragon is moderately wounded.
The iron dragon bites you! The iron dragon closely misses you.
The iron dragon completely misses you.
You hit the iron dragon but do no damage.
The iron dragon is moderately wounded.
Unknown command.
You hit the iron dragon but do no damage.
The iron dragon is moderately wounded.
The iron dragon bites you!
* * * LOW HITPOINT WARNING * * *
The iron dragon closely misses you.
The iron dragon tramples you but does no damage.
You hit the iron dragon.
You feel better.
The iron dragon is moderately wounded.
Unknown command.
The iron dragon breathes metal splinters at you.
The spray of metal splinters hits you!
You die...
Your body crumbles into a pile of gold.

### ##8## ##...##
#8...8###########
#......8#8#8#8#8#8#8..
#..<...!...@.D.......>
#......8#8#8#8#8#8#8..
#8...8###########
##...## ##8## ###


You could see an iron dragon.

Vanquished Creatures
  Rupert (Lair:4)
  Gastronok (D:9)
  A dire elephant (Lair:6)
  Snorg (Orc:1)
  A rakshasa (D:13)
  A catoblepas (shapeshifter) (D:13)
  9 hydras
  8 vault guards
  Erolcha (Orc:2)
  A catoblepas (Lair:6)
  Erica (Orc:2)
  2 ogre magi (Orc:2)
  4 centaur warriors (D:13)
  16 two-headed ogres
  4 death yaks (Lair:6)
  A deep troll shaman (Lair:6)
  A tengu warrior (D:13)
  An orc high priest (Orc:1)
  Sonja (D:13)
  A fire crab (Lair:6)
  2 deep trolls
  3 unseen horrors
  Pikel (D:7)
  A wolf spider zombie (D:13)
  3 deep elf magi
  4 ugly things
  4 orc sorcerers
  A faun (shapeshifter) (D:13)
  4 cyclopes
  29 elephants
  A centaur zombie (D:13)
  6 black mambas
  2 ice statues (IceCv)
  4 centaur skeletons
  2 gargoyles (D:13)
  8 spiny frogs
  11 komodo dragons
  A kobold demonologist (D:12)
  A rime drake (Lair:5)
  A yaktaur (D:13)
  12 trolls
  7 ice devils (IceCv)
  Grinder (D:6)
  A slime creature (D:9)
  Prince Ribbit (D:7)
  4 polar bears
  9 hippogriffs
  21 blink frogs
  A vampire (D:13)
  3 wraiths
  3 basilisks
  A spriggan (D:8)
  Sigmund (D:5)
  7 wyverns
  2 shadows
  A steam dragon (D:9)
  86 yaks
  Grum (Lair:1)
  3 hungry ghosts
  3 vampire mosquitoes
  3 wargs
  3 nagas (Lair:4)
  An acid dragon (D:13)
  18 water moccasins
  A swamp drake (Orc:2)
  7 porcupines
  3 sky beasts
  3 ice beasts
  4 black bears
  16 orc warriors
  A necrophage (D:8)
  3 phantoms
  10 wolves
  34 ogres
  10 centaurs
  19 crocodiles
  3 big kobolds
  21 bullfrogs
  A gnoll sergeant (D:5)
  4 scorpions
  2 wyvern skeletons
  10 killer bees
  3 wights (D:13)
  2 electric eels (D:10)
  7 jellies
  3 howler monkeys
  8 crimson imps
  3 quasits
  A bullfrog zombie (D:5)
  6 hounds
  20 orc wizards
  Crazy Yiuf (D:2)
  14 orc priests
  An iron imp (Orc:2)
  3 bullfrog skeletons
  An iguana (D:11)
  14 worker ants
  Ijyb (D:5)
  A killer bee zombie (D:6)
  A hound zombie (D:6)
  2 hound skeletons
  2 howler monkey zombies (D:5)
  8 gnolls (D:5)
  3 worker ant zombies
  15 adders
  4 shadow imps
  19 white imps
  12 ufetubi (IceCv)
  An ooze (D:1)
  3 adder skeletons
  2 adder zombies
  3 worms
  A dart slug (D:1)
  3 leopard geckos
  86 orcs
  3 ball pythons
  10 giant cockroaches
  10 goblins
  4 hobgoblins
  2 jackals (D:3)
  23 kobolds
  3 quokkas
  10 bats
  5 frilled lizards
  A leopard gecko zombie (D:5)
  A quokka skeleton (D:5)
  9 rats
  A fungus (D:2)
  A plant (Lair:4)
828 creatures vanquished.

Vanquished Creatures (others)
  A reaper (IceCv)
  A slave (D:7)
  A killer bee (D:7)
  A crimson imp (D:7)
  An iguana (D:7)
  4 orc wizards
  An adder (D:7)
  2 white imps (IceCv)
  2 ufetubi (IceCv)
  8 orcs
  17 fungi
  17 plants
56 creatures vanquished.

Grand Total: 884 creatures vanquished

Notes
Turn   | Place    | Note
-------+----------+-------------------------------------------
     0 | D:1      | Manul the Mummy Gladiator began the quest for the Orb.
     0 | D:1      | Reached XP level 1. HP: 16/16 MP: 1/1
    80 | D:1      | Reached XP level 2. HP: 22/22 MP: 2/2
   454 | D:1      | Reached XP level 3. HP: 27/27 MP: 3/3
  1033 | D:2      | Found a sacrificial altar of Ru.
  1249 | D:2      | Found a runed door.
  1253 | D:2      | Noticed Crazy Yiuf
  1261 | D:2      | Killed Crazy Yiuf
  1261 | D:2      | Reached XP level 4. HP: 16/34 MP: 1/4
  1941 | D:3      | Reached skill level 1 in Armour
  1943 | D:3      | Reached XP level 5. HP: 40/40 MP: 5/5
  1949 | D:3      | Reached skill level 3 in Fighting
  2502 | D:3      | Reached XP level 6. HP: 47/47 MP: 6/6
  2697 | D:4      | Found a shattered altar of Ashenzari.
  2775 | D:4      | Found a shadowy altar of Dithmenos.
  3114 | D:5      | Entered Level 5 of the Dungeon
  3115 | D:5      | Noticed Ijyb
  3128 | D:5      | Killed Ijyb
  3128 | D:5      | Reached skill level 4 in Fighting
  3173 | D:5      | Reached XP level 7. HP: 34/54 MP: 7/7
  3239 | D:5      | Noticed Sigmund
  3289 | D:5      | Found Cilae's Antique Armour Shop.
  3293 | D:5      | Bought a brightly glowing leather armour for 196 gold pieces
  3303 | D:5      | Identified the +2 leather armour of the Lotus Blossom {rF+ Str+6} (You bought it in a shop on level 5 of the Dungeon)
  3740 | D:5      | Reached skill level 5 in Fighting
  4035 | D:6      | Noticed Grinder
  4036 | D:6      | Paralysed by Grinder for 4 turns
  4138 | D:7      | Noticed a hungry ghost
  4161 | D:7      | Killed a hungry ghost
  4161 | D:7      | Reached XP level 8. HP: 22/63 MP: 8/8
  4940 | D:6      | Found an ancient bone altar of Kikubaaqudgha.
  5002 | D:6      | Reached skill level 6 in Fighting
  5171 | D:6      | Killed Grinder
  5171 | D:6      | Reached skill level 5 in Armour
  5494 | D:5      | Killed Sigmund
  5615 | D:5      | Found a bloodstained altar of Trog.
  5650 | D:5      | Reached XP level 9. HP: 43/71 MP: 9/9
  5709 | D:5      | Found a sacrificial altar of Ru.
  5718 | D:5      | Found a stormy altar of Qazlal.
  5777 | D:5      | Found a staircase to the Ecumenical Temple.
  5783 | Temple   | Entered the Ecumenical Temple
  5843 | Temple   | Became a worshipper of Gozag Ym Sagoz the Greedy
  5909 | D:6      | Reached skill level 5 in Dodging
  6107 | D:7      | Reached skill level 5 in Axes
  6152 | D:7      | Noticed Pikel
  6170 | D:6      | Reached skill level 7 in Fighting
  6329 | D:7      | Killed Pikel
  6510 | D:7      | Noticed Prince Ribbit
  6567 | D:7      | Killed Prince Ribbit
  6567 | D:7      | Reached XP level 10. HP: 50/80 MP: 10/10
  6829 | D:8      | Noticed a two-headed ogre
  6840 | D:8      | Killed a two-headed ogre
  6840 | D:8      | Reached skill level 8 in Fighting
  6964 | D:8      | Found a staircase to the Lair.
  7107 | D:8      | Reached skill level 1 in Maces & Flails
  7222 | D:9      | Noticed a two-headed ogre
  7235 | D:9      | Killed a two-headed ogre
  7252 | D:9      | Found a sparkling altar of Nemelex Xobeh.
  7343 | D:9      | Noticed a two-headed ogre
  7404 | D:9      | Reached skill level 1 in Evocations
  7465 | D:9      | Killed a two-headed ogre
  7465 | D:9      | Reached skill level 9 in Fighting
  7467 | D:9      | HP: 2/83 [quokka (3)]
  7860 | D:9      | Noticed a green ugly thing
  7931 | D:9      | Killed a green ugly thing
  7931 | D:9      | Reached XP level 11. HP: 74/89 MP: 10/12
  8066 | D:9      | Noticed Gastronok
  8083 | D:9      | Killed Gastronok
  8274 | D:9      | Found a burning altar of Makhleb.
  8610 | D:10     | Entered Level 10 of the Dungeon
  8688 | D:10     | Found an iron altar of Okawaru.
  8842 | D:10     | Found Cidaeci's Book Shoppe.
  8882 | D:10     | Found Sehiviq's Antique Weapon Boutique.
  9419 | D:11     | Noticed a two-headed ogre
  9638 | D:10     | Killed a two-headed ogre
  9638 | D:10     | Reached skill level 5 in Polearms
  9781 | D:11     | Noticed a two-headed ogre
  9792 | D:11     | Killed a two-headed ogre
 10227 | D:10     | Bought a scroll of teleportation for 60 gold pieces
 10280 | D:10     | Killed an unseen horror
 10896 | D:11     | Reached XP level 12. HP: 97/97 MP: 13/13
 11445 | D:5      | Bought a pair of embroidered gloves for 210 gold pieces
 11593 | D:11     | Reached skill level 10 in Fighting
 12026 | D:12     | Got a crude robe
 12048 | D:12     | Identified the +1 robe of the World {Regen+ Str+4 SInv} (You found it on level 12 of the Dungeon)
 12126 | D:12     | Learned a level 2 spell: Blink
 12208 | D:12     | Found a staircase to the Orcish Mines.
 12728 | D:13     | Noticed Sonja
 12908 | D:13     | Found a frozen archway.
 13028 | IceCv    | Entered an ice cave
 13283 | IceCv    | Killed a reaper
 13726 | IceCv    | Got a spiked scale mail
 13743 | IceCv    | Identified the +2 scale mail of Free Expression {rCorr} (You found it in an ice cave)
 13898 | Orc:1    | Entered Level 1 of the Orcish Mines
 13902 | Orc:1    | Noticed a two-headed ogre
 14084 | D:12     | Killed a two-headed ogre
 14706 | Orc:2    | Entered Level 2 of the Orcish Mines
 14716 | Orc:2    | Gained mutation: You are in touch with the powers of death. [Mummy growth]
 14716 | Orc:2    | Reached XP level 13. HP: 103/105 MP: 14/14
 14751 | Orc:2    | Reached skill level 11 in Fighting
 14814 | Orc:2    | Reached skill level 10 in Polearms
 14959 | Orc:2    | Found a staircase to the Elven Halls.
 14983 | Orc:2    | HP: 5/106 [orc priest/divine providence[an orc high priest] (13)]
 15201 | Orc:2    | Found Boumepn's Antique Weapon Shop.
 16186 | Orc:2    | Found Cutynoq's Jewellery Boutique.
 16217 | Orc:2    | Found Foetiddo's Gadget Shoppe.
 16227 | Orc:2    | Found Fepeas's General Store.
 16435 | Orc:2    | Reached skill level 12 in Fighting
 16500 | Orc:2    | Bought a scroll of fear for 45 gold pieces
 16673 | Orc:1    | Found Eveo's Magic Scroll Boutique.
 16681 | Orc:1    | Noticed Erica
 16917 | Orc:1    | Noticed Erolcha
 16935 | Orc:2    | Killed Erolcha
 17065 | Orc:2    | Killed Erica
 17121 | Orc:1    | Bought a scroll of teleportation for 42 gold pieces
 17121 | Orc:1    | Bought a scroll of enchant weapon for 105 gold pieces
 17121 | Orc:1    | Bought a scroll of blinking for 105 gold pieces
 17286 | Orc:1    | Noticed Snorg
 17299 | Orc:1    | Killed Snorg
 17445 | D:12     | Reached XP level 14. HP: 115/115 MP: 15/15
 17542 | D:10     | Bought an ichor-stained hat for 252 gold pieces
 17552 | D:10     | Identified the +0 hat "Leiptu" {rN+ Int+5} (You bought it in a shop on level 10 of the Dungeon)
 17699 | D:13     | Killed Sonja
 17776 | D:13     | Found a gate to the Vaults.
 17949 | D:13     | Found a burning altar of Makhleb.
 18823 | D:13     | Got a smoking halberd
 18824 | D:13     | Identified the +10 halberd of Itrede {flame, SInv Stlth+} (You found it on level 13 of the Dungeon)
 19125 | D:13     | Got a twisted leather armour
 19126 | D:13     | Identified the cursed +1 leather armour of Distant Worlds {rF+ MR+} (You took it off an orc on level 13 of the Dungeon)
 19563 | D:13     | Reached skill level 13 in Fighting
 19894 | Lair:1   | Entered Level 1 of the Lair of Beasts
 19895 | Lair:1   | Noticed Grum
 19904 | Lair:1   | Killed Grum
 20694 | Lair:2   | Identified the Disquisition on Ghastly Companions
 20712 | Lair:2   | Learned a level 5 spell: Cigotuvi's Embrace
 20743 | Lair:2   | Reached skill level 10 in Dodging
 21560 | Lair:3   | Reached XP level 15. HP: 124/124 MP: 16/16
 21605 | Lair:3   | Found a dark tunnel.
 22462 | Lair:4   | Noticed Rupert
 22487 | Lair:4   | Killed Rupert
 22510 | Lair:4   | Reached skill level 14 in Fighting
 23080 | Lair:4   | Found a burning altar of Makhleb.
 23152 | Lair:4   | Found a staircase to the Snake Pit.
 23253 | Lair:4   | Found a staircase to the Swamp.
 23525 | Lair:5   | Found a viscous altar of Jiyva.
 23526 | Lair:5   | Found a staircase to the Slime Pits.
 24318 | Lair:6   | Entered Level 6 of the Lair of Beasts
 24433 | Lair:6   | Reached skill level 15 in Fighting
 24871 | Lair:5   | Upgraded the game from 0.21-a0-186-g02e8684 to 0.21-a0-193-g085b6a0
 25941 | Lair:6   | Reached XP level 16. HP: 99/137 MP: 17/17
 26418 | Lair:6   | Got a dazzling helmet
 26429 | Lair:6   | Identified the +2 helmet "Vimpul" {rElec rPois rF+ Int+3} (You found it on level 6 of the Lair of Beasts)
 26438 | Lair:6   | Identified a scroll of acquirement
 26439 | Lair:6   | Got a translucent tin ring
 26441 | Lair:6   | Identified the ring "Nuoder" {rPois rF+ MP-9 Stlth+} (You acquired it on level 6 of the Lair of Beasts)
 26880 | D:13     | Reached skill level 16 in Fighting
 27028 | D:13     | Identified the Handbook of Poison and the Frostbite
 27104 | D:14     | Killed from afar by an iron dragon

Vault maps used:
D:1:      dpeg_arrival_rooms_b
D:2:      nicolae_ru_awakened_eye, uniq_crazy_yiuf_cottage
D:3:      minmay_liquid_box
D:4:      old_standard_altar, evilmike_ruin_ashenzari, first_bread,
          serial_bayou_crossing
D:5:      lightli_temple_of_fire, amethyst_overflow_temple_binary,
          minmay_temple_entry_enclosed_plants, serial_shops, shop, uniq_ijyb,
          uniq_sigmund
D:6:      lemuel_crystal_altar, uniq_grinder
D:7:      uniq_prince_ribbit1, uniq_pikel
D:8:      dpeg_oklobed_lair, the_bakery, roderic_roman_lattice,
          small_statue_intersection
D:9:      hangedman_cross_cluster, old_standard_altar, old_standard_altar,
          kennysheep_generic_room_13, uniq_gastronok
D:10:     serial_shops, shop, shop, basic_altar
D:12:     hiddenorc1_lemuel
D:13:     minmay_the_grid_triangle_9x9_line_8_mashed, erik_vaults_2,
          portal_ice_cave_entry_imps, grunt_decor_cap, uniq_sonja
D:14:     kennysheep_funnel, serial_shops, kennysheep_little_box, uniq_azrael
Temple:   zaba_magenta_temple
Lair:1:   uniq_grum
Lair:3:   nicolae_volcano_entry_s_turn, infiniplex_staircase_pool_2
Lair:4:   minmay_swamp_entry_worms, guppyfry_snake_entry_island, basic_altar,
          cheibrodos_lair_reptile_den, uniq_rupert
Lair:5:   slime_altar_1
Lair:6:   grunt_lair_end_beastmaster, grunt_megastairs_4
Orc:1:    serial_shops, shop_scrolls, uniq_erica, uniq_snorg, uniq_erolcha
Orc:2:    st_orc_open, hangedman_minor_magic
IceCv:    ice_cave_small_demon

Skill      XL: |  1  2  3  4  5  6  7  8  9 10 11 12 13 14 15 16 |
---------------+-------------------------------------------------+-----
Axes           | 3 4 6 7 |  7.6
Armour         | 1 3 4 5 6 8 |  8.3
Dodging        | 3 4 5 6 7 8 9 10 11 | 11.2
Fighting       | 3 4 5 6 7 9 10 12 13 15 16 | 16.1
Maces & Flails | 3 |  3.7
Evocations     | 1 |  1.7
Polearms       | 6 9 11 13 | 13.0
Long Blades    | |  0.1
Throwing       | |  1.7
Stealth        | |  0.3
Spellcasting   | |  0.5

Action                   |  1- 3 |  4- 6 |  7- 9 | 10-12 | 13-15 | 16-18 || total
-------------------------+-------+-------+-------+-------+-------+-------++-------
Melee: War axe           |    51 |       |       |       |       |       ||    51
       Long sword        |    31 |   165 |    96 |       |       |       ||   292
       Hand axe          |       |       |   221 |       |       |       ||   221
       Whip              |       |       |    31 |   170 |       |       ||   201
       Demon trident     |       |       |       |   940 |   605 |     5 ||  1550
       Executioner's axe |       |       |       |     4 |       |       ||     4
       Halberd           |       |       |       |       |   817 |    95 ||   912
Throw: Throwing net      |     1 |     2 |     4 |     1 |       |     1 ||     9
Invok: Potion Petition   |       |       |     1 |       |     3 |       ||     4
       Call Merchant     |       |       |       |     2 |     2 |       ||     4
Evoke: Wand              |       |       |     5 |    11 |     1 |       ||    17
       Box of beasts     |       |       |       |       |     1 |       ||     1
  Use: Scroll            |     3 |       |    10 |     6 |    12 |     1 ||    32
 Stab: Sleeping          |     1 |       |       |     2 |    19 |       ||    22
       Held in net/web   |     1 |     1 |       |     1 |       |       ||     3
       Distracted        |       |       |     2 |     8 |    17 |     3 ||    30
       Confused          |       |       |       |     1 |       |       ||     1
       Invisible         |       |       |       |       |     8 |       ||     8
Armor: Leather armour    |    22 |    11 |   157 |   181 |       |       ||   371
       Chain mail        |       |   120 |     1 |       |       |       ||   121
       Robe              |       |       |       |    83 |   153 |    15 ||   251
Dodge: Dodged            |    68 |   108 |   340 |   822 |   957 |    62 ||  2357
       Rpst.: Long sword |     8 |    35 |    24 |       |       |       ||    67
